 Dungeon Crawl Stone Soup version 0.21.1-1-g345015f (webtiles) character file.

389 Kagorn the Skirmisher (level 6, -8/57 HPs)
             Began as a Hill Orc Fighter on June 15, 2018.
             Was an Initiate of Beogh.
             Killed by divine providence
             ... invoked by an orc priest
              (12 damage)
             ... on level 4 of the Dungeon.
             The game lasted 00:12:24 (3906 turns).

Kagorn the Skirmisher (Hill Orc Fighter)            Turns: 3906, Time: 00:12:28

Health: -8/57      AC:  8    Str: 19    XL:     6   Next: 79%
Magic:  6/6        EV:  8    Int:  8    God:    Beogh [......]
Gold:   307        SH:  9    Dex: 12    Spells: 5/5 levels left

rFire    . . .     SeeInvis .   a - +0 war axe
rCold    . . .     Gourm    .   c - +0 shield
rNeg     . . .     Faith    .   b - +0 scale mail
rPois    .         Spirit   .   (no helmet)
rElec    .         Reflect  .   (no cloak)
rCorr    .         Harm     .   l - +0 pair of gloves
MR       .....                  (no boots)
Stlth    ..........             (no amulet)
HPRegen  0.19/turn              (no ring)
MPRegen  0.10/turn              (no ring)

@: lethally poisoned (-8 -> -10), flying
A: no striking features
a: Renounce Religion


You were on level 4 of the Dungeon.
You worshipped Beogh.
Beogh was noncommittal.
You were not hungry.

You visited 1 branch of the dungeon, and saw 4 of its levels.

You collected 307 gold pieces.

Inventory:

Hand Weapons
 a - a +0 war axe (weapon)
 u - a +2 dagger of flaming
 v - a +1 dagger of venom
Armour
 b - a +0 scale mail (worn)
 c - a +0 shield (worn)
 l - a +0 pair of gloves (worn)
Jewellery
 y - a cursed ring of fire {unknown}
Scrolls
 e - a scroll of enchant weapon {unknown}
 g - 2 scrolls of teleportation {unknown}
 h - 3 scrolls of enchant armour {unknown}
 i - a scroll of magic mapping {unknown}
 k - 3 scrolls of identify {unknown}
 m - a scroll of noise {unknown}
 n - 7 scrolls of remove curse {unknown}
 p - 2 scrolls of random uselessness {unknown}
 q - a scroll of immolation {unknown}
 t - a scroll of blinking {unknown}
 w - a scroll of fog {unknown}
Potions
 d - 3 potions of might
 j - a potion of flight
 o - 2 potions of curing {unknown}
 r - a potion of mutation {unknown}
 s - 2 potions of berserk rage {unknown}
 x - 2 potions of heal wounds {unknown}
Comestibles
 f - 7 rations


   Skills:
 * Level 5.6 Fighting
 * Level 5.5 Axes
 + Level 4.2 Armour
 + Level 1.7 Dodging
 + Level 4.2 Shields


You had 5 spell levels left.
You didn't know any spells.

Dungeon Overview and Level Annotations

Branches:
Dungeon (4/15)
 Temple: D:4-7

Altars:
Kikubaaqudgha


Message History

You feel sick.
The orc shouts!
The orc hits you with a morningstar.
* * * LOW HITPOINT WARNING * * *
You feel sick.
You see here 13 gold pieces.
The orc priest mumbles some strange prayers to Beogh against you.
Beogh smites you!
* * * LOW HITPOINT WARNING * * *
You hear a shout!
An orc comes into view. It is wielding a flail.
You feel sick.
You see here a worker ant corpse.
It was a potion of flight.
You feel very buoyant.
You fly up into the air.
The orc priest calls down the wrath of Beogh upon you.
Beogh smites you!
You die...
Beogh appreciates the orc priest's killing of a heretic priest.

####..# #....##
#....# #.<.##
#...#######
########..........
#............#####
#.########...# #@#
8...8# #o# ##...##
#o# #...# #o#
#...# #.# 8...8
#o# #...## #o#


#oo #.oo You could see an orc priest and 6 orcs.

Vanquished Creatures
  A scorpion (D:4)
  A hound (D:4)
  3 worker ants (D:4)
  3 orc wizards (D:3)
  7 adders
  An ooze (D:1)
  3 worms (D:2)
  3 dart slugs
  2 leopard geckos (D:2)
  10 orcs (D:3)
  2 ball pythons
  5 giant cockroaches
  4 hobgoblins
  A jackal (D:4)
  2 quokkas
  8 bats
  4 frilled lizards
  9 goblins
  4 kobolds
  10 rats
83 creatures vanquished.

Vanquished Creatures (others)
  A bullfrog (D:4)
  An orc wizard (D:4)
  Ijyb (D:4)
  4 orcs (D:4)
  A jackal (D:4)
8 creatures vanquished.

Grand Total: 91 creatures vanquished

Notes
Turn   | Place    | Note
-------+----------+-------------------------------------------
     0 | D:1      | Kagorn the Hill Orc Fighter began the quest for the Orb.
     0 | D:1      | Reached XP level 1. HP: 19/19 MP: 1/1
   306 | D:1      | Reached XP level 2. HP: 23/27 MP: 2/2
   783 | D:2      | Reached XP level 3. HP: 30/33 MP: 3/3
  1147 | D:2      | Reached XP level 4. HP: 39/41 MP: 4/4
  1402 | D:3      | Reached skill level 1 in Dodging
  1611 | D:3      | Reached XP level 5. HP: 43/47 MP: 5/5
  1853 | D:3      | Reached skill level 5 in Fighting
  1857 | D:3      | Found an ancient bone altar of Kikubaaqudgha.
  2568 | D:4      | Reached XP level 6. HP: 56/56 MP: 6/6
  2658 | D:4      | Reached skill level 5 in Axes
  2713 | D:4      | Became a worshipper of Beogh the Brigand
  3262 | D:4      | Killed Ijyb
  3906 | D:4      | Killed from afar by an orc priest

Skill      XL: |  1  2  3  4  5  6 |
---------------+-------------------+-----
Axes           | 3 4 5 |  5.5
Fighting       | 4 5 |  5.6
Dodging        | 1 |  1.7
Armour         | 4 |  4.2
Shields        | 4 |  4.2

Action                   |  1- 3 |  4- 6 || total
-------------------------+-------+-------++-------
Melee: War axe           |   138 |   201 ||   339
Invok: Convert to Beogh  |       |     1 ||     1
  Use: Potion            |       |     1 ||     1
  Eat: Chunk             |     1 |     3 ||     4
       Ration            |       |     2 ||     2
Armor: Scale mail        |    61 |    81 ||   142
Dodge: Dodged            |    52 |    72 ||   124
Block: Shield            |    86 |   119 ||   205
